 Dungeon Crawl Stone Soup version 0.28-a0-1130-gc51a68064b (webtiles) character file.

Game seed: 14071840183073237378

4 ducksouse the Skirmisher (level 1, 0/20 HPs)
             Began as a Minotaur Fighter on Dec 12, 2021.
             Slain by a kobold (4 damage)
             ... on level 1 of the Dungeon.
             The game lasted 00:00:11 (38 turns).

ducksouse the Skirmisher (Minotaur Fighter)           Turns: 38, Time: 00:00:12

Health: 0/20       AC:  7    Str: 20    XL:     1   Next: 58%
Magic:  0/0        EV:  9    Int:  5    God:
Gold:   0          SH:  4    Dex:  9    Spells: 0/0 levels left

rFire   . . .      SeeInvis .   a - +0 long sword
rCold   . . .      Faith    .   c - +0 buckler
rNeg    . . .      Spirit   .   b - +0 scale mail
rPois   .          Reflect  .   (helmet restricted)
rElec   .          Harm     .   (no cloak)
rCorr   .          Rampage  .   (no gloves)
Will    .....                   (no boots)
Stlth   ..........              (no amulet)
HPRegen 0.06/turn               (no ring)
MPRegen 0.07/turn               (no ring)

@: no status effects
A: horns 2, retaliatory headbutt
a: no special abilities


You were on level 1 of the Dungeon.
You visited 1 branch of the dungeon, and saw 1 of its levels.

Inventory:

Hand Weapons
 a - a +0 long sword (weapon)
Armour
 b - a +0 scale mail (worn)
 c - a +0 buckler (worn)
Scrolls
 e - a scroll of identify {unknown}
Potions
 d - a potion of might


   Skills:
 + Level 3.7 Fighting
 + Level 2.5 Long Blades
 + Level 3.7 Armour
 + Level 3.7 Shields


You couldn't memorise any spells.
You didn't know any spells.
Your spell library was empty.

Dungeon Overview and Level Annotations

Branches:
Dungeon (1/15)

Altars:


Innate Abilities, Weirdness & Mutations

You have a pair of horns on your head.
You reflexively headbutt those who attack you in melee.


Message History

You kill the rat!
A rat comes into view.
The kobold hits you with a +0 whip.
You hit the kobold. You headbutt the kobold.
You kill the kobold!
The hobgoblin hits you.
You barely miss the hobgoblin. The hobgoblin closely misses you.
The kobold hits you but does no damage.
You closely miss the hobgoblin. You headbutt the hobgoblin.
You kill the hobgoblin!
The quokka barely misses you.
You hit the quokka but do no damage. The rat barely misses you.
The kobold barely misses you.
The quokka bites you but does no damage.
The rat bites you but does no damage.
The kobold hits you with a +0 short sword.
You are too injured to fight recklessly!
The kobold barely misses you.
You barely miss the quokka. Your headbutt misses the quokka.
You block the quokka's attack. The quokka barely misses you.
You furiously retaliate!
You headbutt the quokka.
You kill the quokka!
The kobold throws a stone.
The stone barely misses you. The kobold hits you but does no damage.
You closely miss the kobold. You headbutt the kobold.
The kobold is severely wounded.
The kobold hits you but does no damage.
The kobold hits the fungus with a +0 short sword.
The fungus begins to die.
You block the rat's attack. The kobold hits you but does no damage.
The kobold hits the fungus with a +0 short sword.
You hit the rat.
You kill the rat!
The kobold hits you with a +0 short sword.
* * * LOW HITPOINT WARNING * * *
You hit the kobold but do no damage.
The kobold is heavily wounded.
A nearby fungus withers and dies.
The kobold hits you with a +0 short sword.
You die...

.#.#.# .....
###[..# ###[)†.#
###.....#
##.....†##
....≈...###
###≈...w.P##
##....KK@.#
#.P.≈..≈...##
≈≈.P........#
≈#...P≈.P...#
.#.≈...P≈P..#
##P...≈..≈.≈.##
##≈≈≈..P...≈≈..##
#.≈..≈.P..≈.....#
#≈≈≈PP≈≈PP.P....#


You could see a dart slug and 2 kobolds.

Vanquished Creatures
  A hobgoblin (D:1)
  A quokka (D:1)
  A kobold (D:1)
  2 rats (D:1)
5 creatures vanquished.

Vanquished Creatures (others)
  A fungus (D:1)
1 creature vanquished.

Grand Total: 6 creatures vanquished

Notes
Turn   | Place    | Note
-------+----------+-------------------------------------------
     0 | D:1      | ducksouse the Minotaur Fighter began the quest for the Orb.
     0 | D:1      | Reached XP level 1. HP: 19/19 MP: 0/0
    38 | D:1      | Slain by a kobold

Illustrated notes

Levels and vault maps discovered:
D:1:      lemuel_arrival_muddy, layout_basic, hangedman_decor_points,
          st_stairs_4, minmay_misc_feat_square

Action                   || total
-------------------------++-------
Melee: Long sword        ||    11
       Headbutt          ||     4
Armor: Scale mail        ||     9
Dodge: Dodged            ||     7
Block: Buckler           ||     2

Table legend: (Time is in decaauts)
 A = Elapsed time spent in this place.
 B = Non-inter-level travel time spent in this place.
 C = Inter-level travel time spent in this place.
 D = Time resting spent in this place.
 E = Time spent auto-exploring this place.
 F = Levels seen in this place.
 G = Mean time per level.
                   A        B        C        D        E       F      G
               +--------+--------+--------+--------+--------+-----+--------+
         Total |     41 |     41 |      0 |      0 |     13 |   1 |   41.0 |
       Dungeon |     41 |     41 |      0 |      0 |     13 |   1 |   41.0 |
               +--------+--------+--------+--------+--------+-----+--------+

Top non-repeatable levels by time:
     D:1: 41 daAuts
